 Dungeon Crawl Stone Soup version 0.25-b1-37-g2669288c55 (webtiles) character file.

Game seed: 180347192263126470

69 grindst0ne the Skirmisher (level 4, 38/38 HPs)
             Began as a Demonspawn Gladiator on June 4, 2020.
             Got out of the dungeon alive.
             The game lasted 00:02:34 (1344 turns).

grindst0ne the Skirmisher (Demonspawn Gladiator)    Turns: 1344, Time: 00:02:34

Health: 38/38      AC:  6    Str: 14    XL:     4   Next: 2%
Magic:  13/13      EV: 12    Int: 10    God:
Gold:   80         SH:  0    Dex: 15    Spells: 3/3 levels left

rFire    . . .     SeeInvis .   a - +0 war axe
rCold    . . .     Gourm    .   (no shield)
rNeg     . . .     Faith    .   b - +0 leather armour
rPois    .         Spirit   .   c - +0 helmet
rElec    .         Reflect  .   (no cloak)
rCorr    .         Harm     .   (no gloves)
MR       .....                  (no boots)
Stlth    +++.......             (no amulet)
HPRegen  0.12/turn              i - ring of magical power
MPRegen  0.13/turn              (no ring)

@: no status effects
A: iridescent scales 1, nightstalker 2
a: no special abilities


You escaped.
You were not hungry.

You visited 1 branch of the dungeon, and saw 2 of its levels.

You collected 80 gold pieces.

Inventory:

Hand Weapons
 a - a +0 war axe (weapon)
Missiles
 d - 3 throwing nets (quivered)
Armour
 b - a +0 leather armour (worn)
 c - a +0 helmet (worn)
Jewellery
 i - a ring of magical power (left hand)
Scrolls
 g - a scroll of amnesia {unknown}
 h - a scroll of magic mapping {unknown}
 j - a scroll of immolation {unknown}
 k - a scroll of identify {unknown}
Potions
 e - 2 potions of curing {unknown}
Comestibles
 f - 2 rations
 l - 3 chunks of flesh


   Skills:
 + Level 4.3 Fighting
 - Level 2.6 Axes
 - Level 1.7 Throwing
 - Level 2.6 Dodging


You had 3 spell levels left.
You didn't know any spells.
Your spell library was empty.

Dungeon Overview and Level Annotations

Branches:
Dungeon (2/15)

Altars:


Innate Abilities, Weirdness & Mutations

You are partially covered in iridescent scales. (AC +2)
You are significantly more attuned to the shadows.


Message History

The kobold shouts!
The kobold throws a stone.
The stone completely misses you. The kobold barely misses you.
A goblin comes into view.
The goblin shouts!
You hit the kobold.
You kill the kobold!
You have reached level 4!
You feel agile.
Your demonic ancestry asserts itself...
You slip further into the darkness.
You see here a stone.
The goblin hits you but does no damage.
You slash the goblin!
You kill the goblin!
Some of the chunks of flesh in your inventory have rotted away.
You open the door.
There is an open door here.
There is a staircase leading out of the dungeon here.
Are you sure you want to leave the Dungeon?
This will make you lose the game!
You have escaped!

#.##.####.###÷########.####.##
####.##.# #####'####÷....# #.#
)....# .# ##PP#.#PP####### #.#
(.#####.# ##P≈≈#.#PPP##
#####.#
#.÷...#.###P≈≈≈#.#.P.P##
#.>...# ..###.#
#P≈≈≈≈#.#....P# #.#####
...÷..# #P≈≈≈≈#.#....P# #.#
#####.##########.#########.#
#.##.+..(...@......'.#.#
##.#..#######.#######...# #
#.....#PP...#.#≈≈≈≈P###.# #
#..#.##P....#.#≈≈≈≈P# #.# #
#..#.###PP..#.#≈≈≈P## #.# #
#..#.# ##P..#.#≈≈P## #.#
####..#.# ##PP#.#PP## #.#
......#.# #.####+#### #.#
......#.###.# #. #.######


There were no monsters in sight!

Vanquished Creatures
  2 oozes
  A worm (D:2)
  A dart slug (D:1)
  3 leopard geckos (D:2)
  2 giant cockroaches
  8 goblins
  6 hobgoblins (D:1)
  8 jackals (D:1)
  7 bats
  A frilled lizard (D:2)
  2 kobolds (D:1)
  9 rats
50 creatures vanquished.

Notes
Turn   | Place    | Note
-------+----------+-------------------------------------------
     0 | D:1      | grindst0ne the Demonspawn Gladiator began the quest for the
                  | Orb.
     0 | D:1      | Reached XP level 1. HP: 16/16 MP: 1/1
    34 | D:1      | Gained mutation: You are partially covered in iridescent
                  | scales. (AC +2) [demonic ancestry]
    34 | D:1      | Reached XP level 2. HP: 12/23 MP: 2/2
   198 | D:1      | You fall into a shaft and drop 1 floor!
   233 | D:2      | Reached skill level 3 in Fighting
   434 | D:2      | Gained mutation: You are slightly more attuned to the
                  | shadows. [demonic ancestry]
   434 | D:2      | Reached XP level 3. HP: 9/29 MP: 3/3
  1001 | D:1      | Reached skill level 4 in Fighting
  1303 | D:1      | Gained mutation: You are significantly more attuned to the
                  | shadows. [demonic ancestry]
  1303 | D:1      | Reached XP level 4. HP: 38/38 MP: 4/4
  1344 | D:$      | Got out of the dungeon alive.

Illustrated notes

Levels and vault maps discovered:
D:1:      psy_arrival_terrarium, layout_loops_ring, minmay_tripent
D:2:      minmay_door_path, layout_rooms, first_ration, uniq_sigmund

Skill      XL: |  1  2  3 |
---------------+----------+-----
Fighting       | 3 4 |  4.3
Axes           | |  2.6
Throwing       | |  1.7
Dodging        | |  2.6

Action                   |  1- 3 |  4- 6 || total
-------------------------+-------+-------++-------
Melee: War axe           |   137 |     1 ||   138
 Stab: Sleeping          |     2 |       ||     2
       Distracted        |     1 |       ||     1
  Eat: Chunk             |     2 |       ||     2
Armor: Leather armour    |    63 |     1 ||    64
Dodge: Dodged            |   102 |       ||   102
